 Dungeon Crawl Stone Soup version 0.30-a0-56-ge6a4009bfd (webtiles) character file.

Game seed: 8037885164263150557

18 matt1986 the Shield-Bearer (level 2, -3/24 HPs)
             Began as a Human Fighter on Sept 10, 2022.
             Slain by a gnoll
             ... wielding a +0 whip
              (4 damage)
             ... on level 1 of the Dungeon.
             The game lasted 00:06:05 (372 turns).

matt1986 the Shield-Bearer (Human Fighter)           Turns: 372, Time: 00:06:06

Health: -3/24      AC:  6    Str: 15 (16) XL:     2   Next: 85%
Magic:  2/2        EV:  8    Int:  3 (6)  God:
Gold:   44         SH:  4    Dex:  9 (12) Spells: 1/1 levels left

rFire   . . .      SeeInvis .    a - +0 long sword
rCold   . . .      Faith    .    c - +0 buckler
rNeg    . . .      Spirit   .    b - +0 scale mail
rPois   .          Reflect  .    (no helmet)
rElec   .          Harm     .    (no cloak)
rCorr   .          Rampage  .    (no gloves)
Will    .....                    (no boots)
Stlth   ..........               (no amulet)
HPRegen 0.08/turn                (no ring)
MPRegen 0.08/turn                (no ring)

@: no status effects
A: dopey 1
a: no special abilities


You were on level 1 of the Dungeon.
You visited 1 branch of the dungeon, and saw 1 of its levels.

You collected 44 gold pieces.

Inventory:

Hand Weapons
 a - a +0 long sword (weapon)
Armour
 b - a +0 scale mail (worn)
 c - a +0 buckler (worn)
Potions
 d - a potion of might


   Skills:
 + Level 3.2 Fighting
 + Level 2.3 Long Blades
 + Level 3.1 Armour
 + Level 3.3 Shields


You had one spell level left.
You didn't know any spells.
Your spell library contained the following spells:

 Spells                   Type           Power      Damage    Failure   Level
 Sandblast                Erth           0%         2d4       97%         1
 Passwall                 Tmut/Erth      0%         N/A       99%         2
 Stone Arrow              Conj/Erth      0%         3d7       100%        3


Dungeon Overview and Level Annotations

Branches:
Dungeon (1/15)

Altars:


Innate Abilities, Weirdness & Mutations

You are dopey. (Int -2)


Message History

You feel weakened.
You feel dopey.
You feel clumsy.
Unknown command.
Unknown command.
As you read the scroll of teleportation, it crumbles to dust.
You feel strangely unstable.
Unknown command.
Unknown command.
Unknown command.
Your surroundings suddenly seem different.
A gnoll and an endoplasm come into view.
The gnoll shouts!
The endoplasm quivers.
A giant cockroach comes into view.
You block the gnoll's attack.
You barely miss the gnoll. The gnoll hits you with a +0 whip.
You barely miss the gnoll. The gnoll closely misses you.
You hit the gnoll.
The gnoll is lightly wounded.
The gnoll hits you but does no damage. The gnoll hits you with a +0 whip.
You hit the gnoll but do no damage.
The gnoll is lightly wounded.
A bat comes into view.
The gnoll hits you with a +0 whip.
* * * LOW HITPOINT WARNING * * *
The endoplasm freezes you.
You are frozen.
* * * LOW HITPOINT WARNING * * *
The bat moves out of view.
You barely miss the gnoll.
The gnoll is lightly wounded.
The gnoll hits you with a +0 whip.
* * * LOW HITPOINT WARNING * * *
The endoplasm freezes you.
You are frozen.
* * * LOW HITPOINT WARNING * * *
You hit the gnoll but do no damage.
The gnoll is lightly wounded.
You block the gnoll's attack. The endoplasm barely misses you.
You block the endoplasm's attack. The gnoll hits you with a +0 whip.
You die...

.. ## ..#. .#.###
....### ...b. .B.
#g# #@######
#J.....#### ##
#.####....### ###≈
#.........+.###§≈§
#.###.....#.##≈≈≈≈
#.#.......#.##≈≈≈§
#.#.....#.#.#≈≈#§≈
#.#.#...#.#.#≈≈§§≈
..#.#...#.#.'..§§§


You could see a gnoll, an endoplasm, a giant cockroach and a bat.

Vanquished Creatures
  A dart slug (D:1)
  An endoplasm (D:1)
  A goblin (D:1)
  3 hobgoblins (D:1)
  3 ball pythons (D:1)
  3 bats (D:1)
  2 kobolds (D:1)
  2 rats (D:1)
16 creatures vanquished.

Notes
Turn   | Place    | Note
-------+----------+-------------------------------------------
     0 | D:1      | matt1986 the Human Fighter began the quest for the Orb.
     0 | D:1      | Reached XP level 1. HP: 18/18 MP: 1/1
   150 | D:1      | Reached XP level 2. HP: 17/24 MP: 2/2
   242 | D:1      | Gained mutation: You are dopey. (Int -2) [potion of
                  | mutation]
   371 | D:1      | HP: 1/24 [frozen (3)]
   372 | D:1      | Slain by a gnoll

Illustrated notes

Levels and vault maps discovered:
D:1:      lightli_molten_gateway, layout_basic,
          shapermc_ecumenical_altar_notcrosses, minmay_domino_4

Action                   || total
-------------------------++-------
Melee: Long sword        ||    51
  Use: Scroll            ||     2
       Potion            ||     2
Armor: Scale mail        ||    51
Dodge: Dodged            ||    46
Block: Buckler           ||    27

Table legend: (Time is in decaauts)
 A = Elapsed time spent in this place.
 B = Non-inter-level travel time spent in this place.
 C = Inter-level travel time spent in this place.
 D = Time resting spent in this place.
 E = Time spent auto-exploring this place.
 F = Levels seen in this place.
 G = Mean time per level.
                   A        B        C        D        E       F      G
               +--------+--------+--------+--------+--------+-----+--------+
         Total |    388 |    388 |      0 |      0 |      0 |   1 |  388.0 |
       Dungeon |    388 |    388 |      0 |      0 |      0 |   1 |  388.0 |
               +--------+--------+--------+--------+--------+-----+--------+

Top non-repeatable levels by time:
     D:1: 388 daAuts
